 Dungeon Crawl Stone Soup version 0.32-a0-350-g4f4d228785 (webtiles) character file.

Game seed: 1759505813545376439

3293 anacleto the Mimic (level 9, -11/88 HPs)
             Began as a Troll Shapeshifter on Feb 17, 2024.
             Was an Initiate of Qazlal.
             Mangled by a shadow (33 damage)
             ... on level 8 of the Dungeon.
             The game lasted 00:15:17 (7376 turns).

anacleto the Mimic (Troll Shapeshifter)             Turns: 7376, Time: 00:15:18

Health: -11/88     AC:  4    Str: 28    XL:     9   Next: 69%
Magic:  8/8        EV: 11    Int:  6    God:    Qazlal [......]
Gold:   235        SH:  0    Dex:  9    Spells: 8/8 levels left

rFire   . .          .
                       - Unarmed
rCold   . . .        (no shield)
rNeg    . . .        a - +0 animal skin
rPois   .            (helmet currently unavailable)
rElec   .            M - melded +0 cloak
rCorr   .            (gloves unavailable)
SInv    .            (boots unavailable)
Will    .....        h - amulet of the acrobat
Stlth   +            (no ring)
HPRegen 1.14/turn    (no ring)
MPRegen 0.11/turn

%: acrobat
@: beast-form
A: beast (slay +4), large, unfitting armour, claws 3, regeneration 1, shaggy fur
1, tough skin 1
a: Begin Untransformation, Renounce Religion


You were on level 8 of the Dungeon.
You worshipped Qazlal.
Qazlal was noncommittal.
You were a hulking beast.
You visited 1 branch of the dungeon, and saw 8 of its levels.
You also visited: Sewer and Ossuary.

You collected 275 gold pieces.
You spent 40 gold pieces at shops.

Inventory:

Hand Weapons
 t - a +0 club
Missiles
 k - a throwing net (quivered)
 u - 6 poisoned darts
Armour
 a - a +0 animal skin (worn)
 M - a +0 cloak (melded)
Jewellery
 h - an amulet of the acrobat (around neck)
 l - an amulet of guardian spirit
 N - an amulet of faith
Talismans
 c - a beast talisman (active)
 d - a flux talisman
Wands
 m - a wand of charming (17)
 r - a wand of roots (5)
 E - a wand of quicksilver (4)
 L - a wand of polymorph (5)
Scrolls
 e - 2 scrolls of fog
 f - a scroll of summoning {unknown}
 i - a scroll of silence {unknown}
 j - 2 scrolls of enchant armour {unknown}
 n - 4 scrolls of teleportation
 o - a scroll of enchant weapon {unknown}
 p - 3 scrolls of fear {unknown}
 w - 2 scrolls of blinking {unknown}
 y - a scroll of vulnerability {unknown}
 B - 4 scrolls of poison {unknown}
 F - 2 scrolls of amnesia {unknown}
 G - 2 scrolls of revelation {unknown}
 J - a scroll of immolation {unknown}
 K - 3 scrolls of identify
Potions
 b - a potion of lignification
 g - 4 potions of heal wounds
 q - 3 potions of curing
 s - 3 potions of magic
 v - a potion of resistance {unknown}
 x - 3 potions of might {unknown}
 z - 2 potions of enlightenment {unknown}
 A - a potion of haste {unknown}
 C - a potion of brilliance {unknown}
 H - a potion of mutation {unknown}
 I - a potion of berserk rage {unknown}
Miscellaneous
 D - a condenser vane


   Skills:
 + Level 5.0 Fighting
 + Level 5.3 Dodging
 + Level 6.8 Unarmed Combat
 * Level 8.6 Shapeshifting


You had 8 spell levels left.
You didn't know any spells.
Your spell library contained the following spells:

 Spells                   Type           Power      Damage    Failure   Level
 Mercury Vapours          Alch/Air       0%         N/A       58%         2
 Mephitic Cloud           Conj/Alch/Air  0%         N/A       83%         3
 Volatile Blastmotes      Fire/Tloc      0%         2d10      83%         3
 Fulminant Prism          Conj/Alch      0%         3d5       99%         4
 Iskenderun's Mystic Bla  Conj/Tloc      0%         2d3       99%         4
 Freezing Cloud           Conj/Ice/Air   0%         6-21      100%        5


Dungeon Overview and Level Annotations

Branches:
Dungeon (8/15)             Temple (0/1) D:7           Sewer (visited)
Ossuary (visited)
   Lair: D:8-11

Altars:
Qazlal
Uskayaw
Yredelemnul
Lugonu

Shops:
D:1 *   D:4 [   D:7 [

Annotations:
D:7 2 transporters


Innate Abilities, Weirdness & Mutations

You are a hulking beast.
Your limbs bulge with bestial killing power. (Slay +4)
You are too large for most types of armour.
You have claws for hands.
Your natural rate of healing is unusually fast.
You are covered in fur. (AC +1)
You have tough skin. (AC +1)


Message History

Your life force feels restored.
Things that are here:
a +2 short sword; a +0 robe You claw the wight!
The wight is almost destroyed.
The wight barely misses you.
You scratch the wight but do no damage. You claw the wight.
You destroy the wight!
Qazlal accepts your kill.
Things that are here:
a +0 hand axe; a +0 robe You start resting.
HP restored.
Things that are here:
a +0 morningstar; a +0 robe The shadow slips into darkness.
The shadow flickers and vanishes!
Deactivating autopickup; reactivate with Ctrl-A.
The shadow strikes at you from the darkness!
Reactivating autopickup.
You claw the shadow! Your claw misses the shadow.
The shadow is severely damaged.
The shadow slips into darkness.
The shadow flickers and vanishes!
Deactivating autopickup; reactivate with Ctrl-A.
You scratch something but do no damage.
The shadow strikes at you from the darkness!
Reactivating autopickup.
You scratch the shadow.
The shadow is severely damaged.
The shadow hits you!
* * * LOW HITPOINT WARNING * * *
You scratch the shadow but do no damage.
The shadow is severely damaged.
The shadow slips into darkness.
The shadow flickers and vanishes!
Deactivating autopickup; reactivate with Ctrl-A.
You miss something. Your claw misses something.
The shadow strikes at you from the darkness!
You die...

#.... ...### .... .....
..#.## ..... ...
##....##.....
#.##..##........ ###
#......#.!...=.. ###.##
##.......)...... #....#
###.#.....[.....z ##...#
#...##{.......#.. ##...#
#.....h##........
#....####.....###..##...
###..##......).#...## ..
###..................##
.
#......................
##......#..#......#....
###...###........# ...
##.........#...# ..
#....##........#....


There were no monsters in sight!

Vanquished Creatures
  A wyvern (D:7)
  A water moccasin (D:7)
  2 sky beasts
  A black bear (D:4)
  An ogre (D:5)
  3 phantoms
  A centaur (D:8)
  7 bullfrogs
  4 scorpions
  8 wights
  A bombardier beetle (D:3)
  2 hounds (D:6)
  6 orc priests
  A jelly (D:5)
  Crazy Yiuf (D:4)
  3 sleepcaps
  5 iguanas
  4 scorpion zombies (Ossuary)
  2 orc wizards
  3 mummies (Ossuary)
  7 gnolls
  12 adders
  2 shadow imps
  2 white imps
  4 ufetubi
  3 adder zombies (Ossuary)
  14 dart slugs
  3 ribbon worms
  23 orcs
  13 ball pythons
  8 bats
  6 endoplasms
  13 giant cockroaches
  4 goblins
  4 hobgoblins
  3 quokkas
  12 frilled lizards
  2 gnoll zombies (Ossuary)
  3 jackal zombies (Ossuary)
  12 kobolds
  5 kobold zombies (Ossuary)
  5 rats
217 creatures vanquished.

Notes
Turn   | Place    | Note
-------+----------+-------------------------------------------
     0 | D:1      | anacleto the Troll Shapeshifter began the quest for the
                  | Orb.
     0 | D:1      | Reached XP level 1. HP: 18/18 MP: 0/0
    95 | D:1      | Found Xawios's General Store.
   109 | D:1      | Reached skill level 1 in Fighting
   111 | D:1      | Reached XP level 2. HP: 27/27 MP: 1/1
   112 | D:1      | Bought a scroll of identify for 20 gold pieces
   345 | D:1      | Reached XP level 3. HP: 33/33 MP: 2/2
   936 | D:2      | Reached XP level 4. HP: 30/41 MP: 3/3
  1045 | D:2      | Reached skill level 4 in Shapeshifting
  1376 | D:3      | Reached XP level 5. HP: 42/49 MP: 4/4
  1718 | D:1      | Bought a scroll of identify for 20 gold pieces
  2077 | D:3      | Reached XP level 6. HP: 51/57 MP: 5/5
  2223 | D:4      | Found Nuaf's Antique Armour Emporium.
  2354 | D:4      | Reached skill level 5 in Shapeshifting
  2636 | D:4      | Found a runed translucent door.
  2637 | D:4      | Noticed Crazy Yiuf
  3171 | D:4      | Killed Crazy Yiuf
  3295 | D:5      | Entered Level 5 of the Dungeon
  3302 | D:4      | Reached XP level 7. HP: 30/65 MP: 6/6
  3585 | D:5      | Reached skill level 5 in Unarmed Combat
  3676 | D:5      | Found a glowing drain.
  3702 | D:5      | Noticed a +0 spear
  3702 | D:5      | Noticed a +0 falchion
  3703 | D:5      | Noticed a +0 spear
  3703 | D:5      | Noticed a +0 dagger
  3704 | D:5      | Noticed a +0 dagger
  3705 | D:5      | Noticed a +0 short sword
  3705 | D:5      | Noticed a +0 falchion
  3705 | D:5      | Noticed a +0 short sword
  3719 | D:5      | Found a hide-covered altar of Uskayaw.
  3753 | D:5      | Reached skill level 6 in Shapeshifting
  3761 | Sewer    | Entered a sewer
  3943 | Sewer    | Reached XP level 8. HP: 75/75 MP: 7/7
  5082 | D:6      | Found a sand-covered staircase.
  5092 | Ossuary  | Entered an ossuary
  5101 | Ossuary  | Reached skill level 7 in Shapeshifting
  5559 | D:6      | Reached XP level 9. HP: 76/84 MP: 8/8
  6074 | D:7      | Reached skill level 8 in Shapeshifting
  6189 | D:7      | Found a stormy altar of Qazlal.
  6271 | D:7      | Became a worshipper of Qazlal Stormbringer
  6305 | D:7      | Found a basalt altar of Yredelemnul.
  6321 | D:7      | Found a staircase to the Ecumenical Temple.
  6379 | D:7      | Found a transporter.
  6380 | D:7      | Noticed a red ugly thing
  6380 | D:7      | Noticed an ancient zyme
  6381 | D:7      | Noticed a red ugly thing
  6382 | D:7      | Noticed a purple ugly thing
  6383 | D:7      | Found a corrupted altar of Lugonu.
  6561 | D:7      | Found Epperph's Armour Emporium.
  6604 | D:7      | Reached skill level 5 in Dodging
  7014 | D:7      | Found a transporter.
  7014 | D:7      | Noticed a red ugly thing
  7330 | D:8      | Reached skill level 5 in Fighting
  7376 | D:8      | Mangled by a shadow

Illustrated notes

Levels and vault maps discovered:
D:1:      dpeg_arrival_rhombi, layout_loops_ring, serial_shops, shop,
          minmay_misc_feat_chi
D:2:      kb_forest_paths, layout_rooms, hangedman_abyss_or_decor_lesser_grid,
          minmay_misc_feat_plants
D:3:      minmay_chambers_of_threes, layout_rooms
D:4:      layout_basic, serial_shops, nicolae_shop_window_shopping,
          uniq_crazy_yiuf_cottage
D:5:      layout_basic, nicolae_uskayaw_en_pointe, gup_sewer_entry_glass,
          corexii_leaking_fountain, minmay_fountain_box
D:6:      layout_basic, mainiacjoe_ossuary_entry_dusty_tomb
D:7:      gammafunk_corrupted_shrine, layout_loops_ring,
          mainiacjoe_overflow_catch_the_wave, temple_doors_e, serial_shops, shop
D:8:      layout_cave_pools, uniq_maurice

Skill      XL: |  1  2  3  4  5  6  7  8  9 |
---------------+----------------------------+-----
Fighting       | 1 2 3 4 5 |  5.0
Dodging        | 2 3 4 5 |  5.3
Shapeshifting  | 4 5 6 7 8 |  8.6
Unarmed Combat | 4 5 6 |  6.8

Action                     |  1- 3 |  4- 6 |  7- 9 || total
---------------------------+-------+-------+-------++-------
  Melee: Unarmed           |    67 |   136 |   325 ||   528
         Punch             |     3 |     1 |    13 ||    17
Ability: Begin Untransform |       |       |     1 ||     1
    Use: Scroll            |       |     3 |     3 ||     6
         Potion            |       |       |     1 ||     1
 Armour: Animal skin       |    63 |    80 |   187 ||   330
  Dodge: Dodged            |    58 |    67 |   208 ||   333
   Form: Beast             |       |       |     1 ||     1

Table legend: (Time is in decaauts)
 A = Elapsed time spent in this place.
 B = Non-inter-level travel time spent in this place.
 C = Inter-level travel time spent in this place.
 D = Time resting spent in this place.
 E = Time spent auto-exploring this place.
 F = Levels seen in this place.
 G = Mean time per level.
                   A        B        C        D        E       F      G
               +--------+--------+--------+--------+--------+-----+--------+
         Total |   7332 |   6436 |    896 |    414 |   4235 |  10 |  733.2 |
       Dungeon |   6492 |   5596 |    896 |    366 |   3945 |   8 |  811.5 |
         Sewer |    531 |    531 |      0 |      0 |    230 |   1 |  531.0 |
       Ossuary |    309 |    309 |      0 |     48 |     60 |   1 |  309.0 |
               +--------+--------+--------+--------+--------+-----+--------+

Top non-repeatable levels by time:
     D:4: 1388 daAuts
     D:5: 1136 daAuts
     D:7: 865 daAuts
     D:2: 744 daAuts
     D:6: 735 daAuts
     D:1: 715 daAuts
     D:3: 693 daAuts
   Sewer: 531 daAuts
 Ossuary: 309 daAuts
     D:8: 212 daAuts
